 Dungeon Crawl Stone Soup version 0.30.1 (webtiles) character file.

Game seed: 3690497722847329832

74 Heoruswealwe the Shooter (level 3, -8/31 HPs)
             Began as a Demigod Hunter on July 10, 2023.
             Mangled by a gnoll
             ... wielding a +0 flail
              (11 damage)
             ... on level 3 of the Dungeon.
             The game lasted 00:13:34 (1326 turns).

Heoruswealwe the Shooter (Demigod Hunter)           Turns: 1326, Time: 00:13:35

Health: -8/31      AC:  3    Str: 12    XL:     3   Next: 86%
Magic:  5/5        EV: 12    Int: 11    God:
Gold:   82         SH:  0    Dex: 21    Spells: 2/2 levels left

rFire   . . .        a - +0 shortbow
rCold   . . .        (shield currently unavailable)
rNeg    . . .        c - +0 leather armour
rPois   .            (no helmet)
rElec   .            (no cloak)
rCorr   .            (no gloves)
SInv    .            (no boots)
Will    .....        (no amulet)
Stlth   ++           (no ring)
HPRegen 0.25/turn    (no ring)
MPRegen 0.09/turn

%: no passive effects
@: no status effects
A: high MP 1, forlorn, divine attributes
a: no special abilities


You were on level 3 of the Dungeon.
You visited 1 branch of the dungeon, and saw 3 of its levels.

You collected 82 gold pieces.

Inventory:

Hand Weapons
 a - a +0 shortbow (weapon)
 b - a +0 war axe
Armour
 c - a +0 leather armour (worn)
Scrolls
 d - a scroll of vulnerability {unknown}
 e - 2 scrolls of blinking
 g - a scroll of noise {unknown}
 i - a scroll of fog {unknown}
 j - 3 scrolls of identify {unknown}
 k - a scroll of silence {unknown}
 m - a scroll of fear {unknown}
 o - a scroll of amnesia {unknown}
 p - a scroll of immolation
 q - 2 scrolls of enchant armour {unknown}
 r - a scroll of torment {unknown}
Potions
 f - 3 potions of mutation {unknown}
 h - a potion of magic {unknown}
 l - 2 potions of brilliance {unknown}
 n - a potion of degeneration {unknown}
 s - a potion of invisibility {unknown}


   Skills:
 + Level 3.1 Fighting
 + Level 4.4 Ranged Weapons
 - Level 1.7 Dodging
 - Level 0.8 Stealth


You had 2 spell levels left.
You didn't know any spells.
Your spell library was empty.

Dungeon Overview and Level Annotations

Branches:
Dungeon (3/15)

Shops:
D:2 :(


Innate Abilities, Weirdness & Mutations

You have an increased reservoir of magic. (+10% MP)
You shall have no god before yourself.
Your divine heritage dramatically boosts your attributes as you level up.


Message History

The orc moves out of view. 2 gnolls come into view.
The gnoll shouts! x2
The gnoll moves out of view.
You hear a bark!
You shoot an arrow. The arrow barely misses the gnoll.
You shoot an arrow. The arrow hits the gnoll!
The gnoll is severely wounded.
You shoot an arrow. The arrow hits the gnoll!
You kill the gnoll!
You shoot an arrow. The arrow hits the orc.
The orc is severely wounded.
You shoot an arrow. The arrow closely misses the orc.
The arrow closely misses the gnoll.
The orc hits you with a +0 dagger.
You shoot an arrow. The arrow hits the orc.
You kill the orc!
You shoot an arrow. The arrow barely misses the gnoll.
The gnoll hits you with a +0 flail! The gnoll barely misses you.
You shoot an arrow. The arrow closely misses the gnoll.
The gnoll hits you with a +0 flail.
You shoot an arrow. The arrow barely misses the gnoll.
The gnoll barely misses you.
You shoot an arrow. The arrow hits the gnoll.
The gnoll is moderately wounded.
The gnoll hits you with a +0 flail! The gnoll barely misses you.
You are too injured to fight recklessly!
Fire: a) +0 shortbow
Press: ? - help, Q - select action Shift-Dir - straight line, f/p - gnoll
Aim: a gnoll, wielding a +0 flail (moderately wounded, 69% to hit)
You shoot an arrow. The arrow hits the gnoll.
The gnoll is severely wounded.
The gnoll hits you with a +0 flail!
* * * LOW HITPOINT WARNING * * *
Fire: a) +0 shortbow
Press: ? - help, Q - select action Shift-Dir - straight line, f/p - gnoll
Aim: a gnoll, wielding a +0 flail (severely wounded, 69% to hit)
You shoot an arrow. The arrow hits the gnoll.
The gnoll is severely wounded.
The gnoll hits you with a +0 flail!
You die...

#.# ### #.# #<# #.#
#.# #.# #.# #.# #.#
#.#
#.#################.#
#.....@g.)..........#
###########..###.##.#
#..# #.##.# #o.#
#.##.# #g.# #.##.#
#..# #.##.# #..#
#.##.# #..# #.##.#
#..#


You could see a gnoll.

Vanquished Creatures
  A gnoll (D:3)
  2 orcs
  5 ball pythons
  6 bats
  6 endoplasms
  2 giant cockroaches
  5 goblins
  8 hobgoblins
  7 jackals
  A kobold (D:1)
  2 quokkas (D:1)
  4 frilled lizards
  6 rats
55 creatures vanquished.

Notes
Turn   | Place    | Note
-------+----------+-------------------------------------------
     0 | D:1      | Heoruswealwe the Demigod Hunter began the quest for the
                  | Orb.
     0 | D:1      | Reached XP level 1. HP: 17/17 MP: 3/3
   106 | D:1      | Reached XP level 2. HP: 14/24 MP: 4/4
   307 | D:1      | Reached skill level 4 in Ranged Weapons
   400 | D:1      | You fall into a shaft and drop 1 floor!
   581 | D:1      | Reached XP level 3. HP: 29/30 MP: 5/5
   939 | D:2      | Found Lazir's Antique Weapon Emporium.
  1032 | D:2      | Found Idiopnoasch's Weapon Boutique.
  1128 | D:2      | Found Xopuzxi's Book Shoppe.
  1326 | D:3      | Mangled by a gnoll

Illustrated notes

Levels and vault maps discovered:
D:1:      minmay_arrival_four_houses, layout_loops_ring, st_stairs_9,
          minmay_misc_feat_plants, minmay_domino_4
D:2:      layout_rooms, serial_shops, shop, nicolae_shop_trees, shop
D:3:      layout_basic, uniq_grinder

Skill      XL: |  1  2  3 |
---------------+----------+-----
Fighting       | 2 3 |  3.1
Ranged Weapons | 4 |  4.4
Dodging        | |  1.7
Stealth        | |  0.8

Action                     || total
---------------------------++-------
   Fire: Shortbow          ||   140
    Use: Scroll            ||     1
 Armour: Leather armour    ||    18
  Dodge: Dodged            ||    46
